 Dungeon Crawl Stone Soup version 0.32-a0-163-g159c032296 (webtiles) character file.

Game seed: 17485938281859147459

76 horus123 the Cudgeller (level 4, -7/33 HPs)
             Began as a Demonspawn Gladiator on Feb 12, 2024.
             Killed from afar by Natasha (8 damage)
             ... with a magic dart
             ... on level 2 of the Dungeon.
             The game lasted 00:02:12 (1517 turns).

horus123 the Cudgeller (Demonspawn Gladiator)       Turns: 1517, Time: 00:02:14

Health: -7/33      AC:  0    Str: 16    XL:     4   Next: 12%
Magic:  4/4        EV: 15    Int:  8    God:
Gold:   96         SH:  5    Dex: 15    Spells: 3/3 levels left

rFire   . . .        a - melded +0 flail
rCold   . . .        (shield currently unavailable)
rNeg    . . .        g - melded +0 scale mail
rPois   .            c - melded +0 helmet
rElec   .            l - melded +0 cloak {Will+}
rCorr   .            (gloves currently unavailable)
SInv    .            (boots currently unavailable)
Will    .....        i - amulet of reflection
Stlth   +            n - melded +4 ring of slaying
HPRegen 0.25/turn    (ring currently unavailable)
MPRegen 0.09/turn

%: reflection
@: pig-form, very quick
A: fast, no casting, small, demonic guardian 1, ignite blood 1
a: no special abilities


You were on level 2 of the Dungeon.
You were a filthy swine.
You visited 1 branch of the dungeon, and saw 2 of its levels.

You collected 96 gold pieces.

Inventory:

Hand Weapons
 a - a +0 flail (melded)
Missiles
 d - 3 throwing nets (quivered)
 e - 3 javelins
Armour
 b - a +0 leather armour
 c - a +0 helmet (melded)
 g - a +0 scale mail (melded)
 l - a +0 cloak of willpower (melded)
Jewellery
 i - an amulet of reflection (around neck)
 n - a +4 ring of slaying (melded)
Scrolls
 h - a scroll of teleportation {unknown}
 j - 2 scrolls of amnesia {unknown}
 k - 2 scrolls of enchant armour {unknown}
 m - a scroll of poison {unknown}
 p - a scroll of identify {unknown}
Potions
 f - 3 potions of mutation {unknown}
 o - a potion of curing {unknown}
 q - a potion of berserk rage {unknown}
 r - a potion of heal wounds {unknown}


   Skills:
 - Level 2.0 Fighting
 + Level 4.5 Maces & Flails
 - Level 1.7 Throwing
 - Level 2.6 Dodging


You had 3 spell levels left.
You didn't know any spells.
Your spell library contained the following spells:

 Spells                   Type           Power      Damage    Failure   Level
 Cigotuvi's Dreadful Rot  Necr/Alch/Air  0%         N/A       54%         2
 Dispel Undead            Necr           0%         3d6       99%         4
 Martyr's Knell           Necr/Summ      0%         N/A       99%         4
 Death Channel            Necr           0%         N/A       100%        6


Dungeon Overview and Level Annotations

Branches:
Dungeon (2/15)

Altars:

Annotations:
D:2 Natasha


Innate Abilities, Weirdness & Mutations

You are a filthy swine.
You move quickly.
Your equipment is almost entirely melded.
You are incapable of wielding weapons or throwing items.
You cannot cast spells.
A weak demonic guardian rushes to your aid.
Your demonic aura sometimes causes spilled blood to erupt in flames.


Message History

The cerulean imp closely misses you.
Natasha stares at you and mumbles some strange words.
You resist with some effort.
You hit Natasha but do no damage.
Natasha is almost dead.
The cerulean imp misses you. Natasha closely misses you.
You barely miss Natasha.
Natasha is almost dead.
The cerulean imp barely misses you.
Natasha casts a spell.
Unknown command.
You hit Natasha.
Natasha is almost dead.
You block the cerulean imp's attack. Natasha misses you.
You barely miss Natasha.
Natasha is almost dead.
You block the cerulean imp's attack.
The cerulean imp hits you from afar with a +4 spear.
You barely miss Natasha.
Natasha is almost dead.
You block Natasha's attack.
The cerulean imp completely misses you. x2
You closely miss Natasha.
Natasha is almost dead.
Natasha mumbles some strange words.
The cerulean imp closely misses you. The cerulean imp misses you.
You closely miss Natasha.
Natasha is almost dead.
Natasha claws you!
* * * LOW HITPOINT WARNING * * *
A demonic guardian appears!
The cerulean imp closely misses you.
The cerulean imp hits you from afar with a +4 spear.
* * * LOW HITPOINT WARNING * * *
The cerulean imp barely misses you.
Your quasit misses the cerulean imp.
Your quasit barely misses the cerulean imp.
Your quasit closely misses the cerulean imp.
Natasha stares at you and mumbles some strange words.
The magic dart hits you!
You die...
Natasha curls up and begins to purr.

##.###..........#.##..#.....#
#..###........##.##......###
##.##..........#....#.#.## #
#.##...................####
#..#............###........
##.........5....###....####
##.........55..##..##...##
##........°h..##.###...##
#......÷h°#.#.....##...## #####
#......####.5.....##..... #...#
#......# ###'###..##.....
#...####......###.....#..##....#
#...#...........#.....#.....####
#...#.##........#.....#..>......
#...............#.....#.########
#......#...######.♣.♣.##########
#...####...#......♣.♣......#....


You could see Natasha, 2 cerulean imps and a friendly quasit (summoned).

Vanquished Creatures
  Natasha (D:2)
  An adder (D:2)
  A dart slug (D:1)
  3 bats
  4 endoplasms
  2 giant cockroaches
  4 goblins
  2 hobgoblins (D:1)
  4 kobolds (D:1)
  4 quokkas
  4 ball pythons (D:1)
  4 frilled lizards (D:1)
  4 rats
38 creatures vanquished.

Notes
Turn   | Place    | Note
-------+----------+-------------------------------------------
     0 | D:1      | horus123 the Demonspawn Gladiator began the quest for the
                  | Orb.
     0 | D:1      | Reached XP level 1. HP: 16/16 MP: 1/1
    81 | D:1      | Reached skill level 3 in Maces & Flails
   111 | D:1      | Gained mutation: A weak demonic guardian rushes to your
                  | aid. [demonic ancestry]
   111 | D:1      | Reached XP level 2. HP: 22/22 MP: 2/2
   619 | D:1      | Reached XP level 3. HP: 25/27 MP: 3/3
  1165 | D:2      | Reached skill level 4 in Maces & Flails
  1390 | D:2      | Noticed Natasha
  1400 | D:2      | Killed Natasha
  1401 | D:2      | Gained mutation: Your demonic aura sometimes causes spilled
                  | blood to erupt in flames. [demonic ancestry]
  1401 | D:2      | Reached XP level 4. HP: 29/33 MP: 4/4
  1499 | D:2      | Noticed Natasha
  1515 | D:2      | HP: 1/33 [cerulean imp/+4 spear[Natasha] (5)]
  1517 | D:2      | Killed from afar by Natasha

Illustrated notes

Levels and vault maps discovered:
D:1:      matt_arrival_los_fun, layout_loops_cross,
          chequers_serial_rivers_micro_a, minmay_misc_feat_five,
          hangedman_abyss_or_decor_lesser_grid
D:2:      layout_rooms, minmay_misc_feat_enclosed, kennysheep_minor_cross,
          kennysheep_potato, uniq_natasha

Skill      XL: |  1  2  3 |
---------------+----------+-----
Maces & Flails | 3 4 |  4.5
Fighting       | |  2.0
Throwing       | |  1.7
Dodging        | |  2.6

Action                     |  1- 3 |  4- 6 || total
---------------------------+-------+-------++-------
  Melee: Flail             |   130 |     8 ||   138
         Punch             |     1 |       ||     1
         Unarmed           |       |    12 ||    12
 Armour: Leather armour    |    57 |       ||    57
         Scale mail        |    31 |     7 ||    38
         Skin              |       |     8 ||     8
  Dodge: Dodged            |    91 |    20 ||   111
  Block: Other             |    11 |     4 ||    15

Table legend: (Time is in decaauts)
 A = Elapsed time spent in this place.
 B = Non-inter-level travel time spent in this place.
 C = Inter-level travel time spent in this place.
 D = Time resting spent in this place.
 E = Time spent auto-exploring this place.
 F = Levels seen in this place.
 G = Mean time per level.
                   A        B        C        D        E       F      G
               +--------+--------+--------+--------+--------+-----+--------+
         Total |   1545 |   1509 |     36 |     49 |   1128 |   2 |  772.5 |
       Dungeon |   1545 |   1509 |     36 |     49 |   1128 |   2 |  772.5 |
               +--------+--------+--------+--------+--------+-----+--------+

Top non-repeatable levels by time:
     D:1: 976 daAuts
     D:2: 568 daAuts
